 Dungeon Crawl Stone Soup version 0.30.1-9-gdf580d7c3d (webtiles) character file.

Game seed: 14354935735774026972

244 Anriel the Shooter (level 5, 0/33 HPs)
             Began as a Deep Elf Hunter on Oct 10, 2023.
             Slain by an iguana (12 damage)
             ... on level 4 of the Dungeon.
             The game lasted 00:13:05 (1968 turns).

Anriel the Shooter (Deep Elf Hunter)                Turns: 1968, Time: 00:13:06

Health: 0/33       AC:  6    Str:  8    XL:     5   Next: 83%
Magic:  7/7        EV: 13    Int: 14    God:
Gold:   105        SH:  0    Dex: 20    Spells: 4/4 levels left

rFire   . . .        a - +0 shortbow
rCold   . . .        (shield currently unavailable)
rNeg    . . .        c - +0 leather armour
rPois   .            l - +0 helmet
rElec   .            o - +0 cloak
rCorr   .            h - +0 pair of gloves
SInv    .            (no boots)
Will    +....        (no amulet)
Stlth   +++          n - ring of willpower
HPRegen 0.25/turn    (no ring)
MPRegen 0.10/turn

%: no passive effects
@: no status effects
A: no striking features
a: no special abilities


You were on level 4 of the Dungeon.
You visited 1 branch of the dungeon, and saw 4 of its levels.

You collected 105 gold pieces.

Inventory:

Hand Weapons
 a - a +0 shortbow (weapon)
Armour
 c - a +0 leather armour (worn)
 h - a +0 pair of gloves (worn)
 l - a +0 helmet (worn)
 o - a +0 cloak (worn)
Jewellery
 i - a +6 ring of strength
 k - a ring of magical power
 n - a ring of willpower (left hand)
Scrolls
 b - 3 scrolls of immolation
 q - a scroll of identify
Potions
 d - a potion of mutation {unknown}
 e - 2 potions of attraction {unknown}
 f - 2 potions of flight
 g - a potion of brilliance {unknown}
 j - a potion of degeneration {unknown}
 m - 3 potions of curing
 p - a potion of haste {unknown}


   Skills:
 * Level 3.7 Fighting
 - Level 5.3 Ranged Weapons
 + Level 4.2 Dodging
 + Level 3.9 Stealth


You had 4 spell levels left.
You didn't know any spells.
Your spell library contained the following spells:

 Spells                   Type           Power      Damage    Failure   Level
 Freeze                   Ice            0%         1d3       38%         1
 Lesser Beckoning         Tloc           0%         N/A       54%         2
 Poisonous Vapours        Pois/Air       0%         N/A       54%         2
 Frozen Ramparts          Ice            0%         1d1       77%         3
 Gell's Gravitas          Tloc           0%         N/A       77%         3
 Hailstorm                Conj/Ice       0%         3d3       77%         3
 Mephitic Cloud           Conj/Pois/Air  0%         N/A       77%         3
 Teleport Other           Tloc           0%         N/A       77%         3
 Freezing Cloud           Conj/Ice/Air   0%         6-21      100%        5


Dungeon Overview and Level Annotations

Branches:
Dungeon (4/15)
 Temple: D:4-7

Altars:
Cheibriados

Shops:
D:3 :

Annotations:
D:4 Sigmund


Message History

The arrow hits the gnoll!
You kill the gnoll!
The orc barely misses you.
Fire: a) +0 shortbow
Press: ? - help, Q - select action Shift-Dir - straight line, f - orc
Aim: an orc, wielding a +0 flail (65% to hit)
You shoot an arrow. The arrow hits the orc.
The orc is severely wounded.
The orc barely misses you.
You shoot an arrow. The arrow hits the orc!
You kill the orc!
Fire: a) +0 shortbow
Press: ? - help, Q - select action Shift-Dir - straight line, f - iguana
Aim: an iguana (69% to hit)
You shoot an arrow. The arrow hits the iguana.
The iguana is moderately wounded.
Fire: a) +0 shortbow
Press: ? - help, Q - select action Shift-Dir - straight line, f/p - iguana
Aim: an iguana (moderately wounded, 69% to hit)
You shoot an arrow. The arrow closely misses the iguana.
The iguana bites you.
Unknown command.
You shoot an arrow. The arrow closely misses the iguana.
The iguana bites you!
You shoot an arrow. The arrow closely misses the iguana.
The iguana barely misses you. The iguana bites you.
You shoot an arrow. The arrow closely misses the iguana.
The iguana misses you.
You shoot an arrow.
The arrow hits the iguana but does no damage.
The iguana is moderately wounded.
The iguana bites you.
You shoot an arrow. The arrow hits the iguana.
The iguana is heavily wounded.
The iguana barely misses you. The iguana bites you!
* * * LOW HITPOINT WARNING * * *
Things that are here:
a +0 flail; a +0 club; an orc corpse The iguana attacks as you move away!
The iguana bites you.
* * * LOW HITPOINT WARNING * * *
It was a potion of curing.
You feel better. The iguana bites you!
You die...

.. .............#### ##
.......###÷<......#
#...$#.....##.....##...
##.......#.............
........##.##.....#####
../..##....#......#
#....##).÷..##.....
#.....#<.l#.#######
#.##.))÷)#@.#
#......)...##
..g....##......# #
##...## ##.....# ...
#...######.....###.>##
#.# ..)........[.....#
. ######.............
#.....#.......
#.............


You could see an iguana.

Vanquished Creatures
  A hound (D:4)
  2 orc wizards (D:3)
  Robin (D:4)
  3 gnolls
  2 adders
  A worm (D:3)
  3 dart slugs
  16 orcs
  A ball python (D:1)
  6 bats
  5 endoplasms
  A giant cockroach (D:1)
  12 goblins
  10 hobgoblins
  A quokka (D:4)
  A frilled lizard (D:2)
  7 kobolds
  9 rats
82 creatures vanquished.

Notes
Turn   | Place    | Note
-------+----------+-------------------------------------------
     0 | D:1      | Anriel the Deep Elf Hunter began the quest for the Orb.
     0 | D:1      | Reached XP level 1. HP: 12/12 MP: 3/3
   188 | D:1      | Reached XP level 2. HP: 17/17 MP: 4/4
   565 | D:2      | Reached XP level 3. HP: 18/22 MP: 5/5
   829 | D:3      | Found Mush's Book Boutique.
   862 | D:3      | Found a snail-covered altar of Cheibriados.
   994 | D:3      | Reached XP level 4. HP: 18/27 MP: 6/6
  1312 | D:3      | Reached XP level 5. HP: 32/32 MP: 7/7
  1611 | D:4      | Noticed Robin
  1615 | D:4      | Killed Robin
  1805 | D:4      | Noticed Sigmund
  1968 | D:4      | Slain by an iguana

Illustrated notes

Levels and vault maps discovered:
D:1:      tarquinn_simple_flora_water_f, layout_rooms, minmay_tiny_reverse_x
D:2:      layout_basic
D:3:      layout_loops_ring, cheibriados_altar_2, serial_shops, shop
D:4:      layout_rooms, yredelemnul_forgotten_temple_becter,
          gammafunk_temple_overflow_claw, minmay_temple_entry_tees,
          serial_shops, nicolae_shop_peninsula, uniq_edmund, uniq_robin,
          uniq_sigmund

Skill      XL: |  1  2  3  4  5 |
---------------+----------------+-----
Fighting       | 2 3 |  3.7
Stealth        | 2 3 |  3.9
Dodging        | 3 4 |  4.2
Ranged Weapons | |  5.3

Action                     |  1- 3 |  4- 6 || total
---------------------------+-------+-------++-------
   Fire: Shortbow          |    96 |   112 ||   208
    Use: Scroll            |     4 |     1 ||     5
         Potion            |       |     1 ||     1
 Armour: Leather armour    |     2 |    13 ||    15
  Dodge: Dodged            |    13 |    62 ||    75
